 Dungeon Crawl Stone Soup version 0.28-a0-1074-g3cb2360906 (webtiles) character file.

Game seed: 9471120923425192235

38658 GregHouse the Protected (level 14, -6/124 HPs)
             Began as a Hill Orc Monk on Dec 8, 2021.
             Was the Champion of Beogh.
             Killed by the raging water
             ... invoked by a water nymph
              (34 damage)
             ... on level 1 of the Shoals on Dec 9, 2021.
             The game lasted 02:12:25 (27218 turns).

GregHouse the Protected (Hill Orc Monk)            Turns: 27218, Time: 02:12:25

Health: -6/124     AC: 42    Str: 17    XL:     14   Next: 3%
Magic:  21/21      EV:  6    Int: 15    God:    Beogh [******]
Gold:   197        SH: 16    Dex: 13    Spells: 13/13 levels left

rFire   + . .      SeeInvis +   X - +7 flail "Orb Guardian's Bane" {venom, rPois Will- rCorr SInv}
rCold   + . .      Faith    .   I - +0 tower shield
rNeg    . . .      Spirit   .   m - +13 crystal plate armour of Hociepn {rPois Str-2 Int+5}
rPois   +          Reflect  .   g - +0 helmet
rElec   .          Harm     .   f - scarf {rC+ rF+}
rCorr   +          Rampage  .   C - +0 pair of gloves
Will    .....                   b - +1 pair of boots {Stlth+}
Stlth   ..........              (no amulet)
HPRegen 0.30/turn               F - ring of see invisible
MPRegen 0.17/turn               y - +4 ring of evasion

@: no status effects
A: walk on water
a: Renounce Religion, Smiting, Recall Orcish Followers, Give Item to Named
Follower, Resurrection


You were on level 1 of the Shoals.
You worshipped Beogh.
Beogh was exalted by your worship.
You visited 3 branches of the dungeon, and saw 19 of its levels.

You collected 981 gold pieces.
You spent 784 gold pieces at shops.

Inventory:

Hand Weapons
 h - a +0 trident
 u - a +4 short sword
 X - the +7 flail "Orb Guardian's Bane" (weapon) {venom, rPois Will- rCorr SInv}
   (You bought it in a shop on level 1 of the Shoals)

   It poisons the flesh of those it strikes.
   rPois:     It protects you from poison.
   SInv:      It lets you see invisible.
   rCorr:     It protects you from acid and corrosion.
   Will:      It decreases your willpower.
Missiles
 l - 3 javelins (quivered)
 x - 2 throwing nets
Armour
 a - a +2 buckler
 b - a +1 pair of boots of stealth (worn)
 f - a scarf of resistance (worn)
 g - a +0 helmet (worn)
 m - the +13 crystal plate armour of Hociepn (worn) {rPois Str-2 Int+5}
   (You acquired it on level 1 of the Shoals)

   Str:       It affects your strength (-2).
   Int:       It affects your intelligence (+5).
   rPois:     It protects you from poison.
 C - a +0 pair of gloves (worn)
 I - a +0 tower shield (worn)
 N - a +2 pair of boots
 V - a +0 crystal plate armour
Jewellery
 y - a +4 ring of evasion (right hand)
 F - a ring of see invisible (left hand)
Wands
 q - a wand of flame (19)
 s - a wand of polymorph (4)
 A - a wand of digging (14)
 E - a wand of acid (16)
 O - a wand of iceblast (14)
 P - a wand of paralysis (5)
Scrolls
 c - 8 scrolls of teleportation
 i - a scroll of fear
 o - 6 scrolls of fog
 p - 3 scrolls of amnesia
 t - 3 scrolls of magic mapping
 z - 4 scrolls of vulnerability
 M - a scroll of summoning {unknown}
 T - a scroll of torment {unknown}
 U - a scroll of blinking
 W - 2 scrolls of enchant weapon
Potions
 d - 2 potions of flight
 e - a potion of lignification {unknown}
 j - 3 potions of attraction
 k - 2 potions of might
 n - 5 potions of curing
 r - 3 potions of invisibility
 w - a potion of degeneration {unknown}
 D - a potion of haste {unknown}
 G - 3 potions of cancellation {unknown}
 H - a potion of brilliance {unknown}
 J - a potion of mutation {unknown}
 K - 2 potions of berserk rage
 Q - 2 potions of heal wounds


   Skills:
 + Level 11.4 Fighting
 - Level 13.9(14.1) Axes
 + Level 3.1(8.2) Maces & Flails
 + Level 0.4 Throwing
 + Level 14.9 Armour
 + Level 3.7 Dodging
 + Level 4.4 Stealth
 + Level 10.5 Shields
 + Level 10.0 Invocations
 - Level 2.0 Evocations


You had 13 spell levels left.
You didn't know any spells.
Your spell library contained the following spells:

 Spells                   Type           Power      Damage    Failure   Level
 Beastly Appendage        Tmut           0%         N/A       100%        1
 Magic Dart               Conj           0%         1d3       100%        1
 Searing Ray              Conj           0%         2d4       100%        2
 Static Discharge         Conj/Air       0%         N/A       100%        2
 Wereblood                Tmut           0%         N/A       100%        2
 Spider Form              Tmut/Pois      0%         N/A       100%        3
 Animate Armour           Summ/Erth      0%         N/A       100%        4
 Fulminant Prism          Conj/Hex       0%         3d6       100%        4
 Alistair's Intoxication  Tmut/Pois      0%         N/A       100%        5
 Blade Hands              Tmut           0%         N/A       100%        5
 Fireball                 Conj/Fire      0%         3d3       100%        5
 Freezing Cloud           Conj/Ice/Air   0%         6-21      100%        5
 Lightning Bolt           Conj/Air       0%         1d11      100%        5
 Iron Shot                Conj/Erth      0%         9d1       100%        6
 Starburst                Conj/Fire      0%         6d3       100%        6
 Ignition                 Fire           0%         3d3       100%        8
 Maxwell's Capacitive Co  Air            0%         ∞         100%        8


Dungeon Overview and Level Annotations

Branches:
Dungeon (11/15)            Temple (0/1) D:5            Lair (6/6) D:10
 Shoals (2/4) Lair:3       Spider (0/4) Lair:2        Slime (0/5) Lair:6
    Orc (0/2) D:9

Altars:
Ashenzari
Cheibriados
Dithmenos
Fedhas
Gozag
Hepliaklqana
Makhleb
Okawaru
Qazlal
Sif Muna
Vehumet
Wu Jian
Xom
Yredelemnul
The Shining One
Beogh
Lugonu

Shops:
Shoals:1 **

Portals:
Abyss: Lair:6

Annotations:
D:5 exclusion: downstairs
D:7 2 transporters, exclusions: downstairs and ice statue, BlueGoblin's ghost, novice DrIE


Message History

The harpy claws you but does no damage. x2
The water nymph barely misses Marbork.
The merfolk avatar chants its luring song.
You barely miss the merfolk avatar.
The merfolk avatar is heavily wounded.
Marbork no longer looks unusually strong.
You block the harpy's attack. The harpy claws you but does no damage.
You block the harpy's attack. The harpy claws you.
Bolgrim roars a battlecry!
Marbork goes into a battle-frenzy!
Okrist hits the harpy with a +0 flail!
The harpy claws Okrist!
The harpy barely misses Okrist.
The water nymph casts a spell at you. The water swirls and strikes you.
The merfolk avatar chants its luring song.
A merfolk siren comes into view. It is wielding a +0 trident.
Bolgrim shoots a bolt.
The bolt hits the merfolk avatar!
You completely miss the merfolk avatar.
The merfolk avatar is severely wounded.
The harpy claws you but does no damage. x2; You block the harpy's attack. x3
The harpy claws you but does no damage.
The water nymph touches Okrist!
The water nymph drowns Okrist!
The harpy claws you!
* * * LOW HITPOINT WARNING * * *
The harpy claws you but does no damage.
Bolgrim shoots a bolt.
The bolt hits the merfolk avatar!!
You are no longer entranced.
The merfolk avatar dies!
Beogh accepts your kill.
The merfolk siren chants a haunting song.
You resist.
The harpy claws Marbork! x2
You hit the harpy.
The harpy is moderately wounded.
The harpy claws you.
* * * LOW HITPOINT WARNING * * *
You block the harpy's attack. x2; The harpy claws you but does no damage. x2
You block the harpy's attack.
The harpy barely misses Okrist.
The harpy closely misses Okrist.
The water nymph gestures at you while chanting.
The water swirls and strikes you!!
You die...

≈≈≈≈≈≈≈≈≈≈≈≈..≈≈≈≈≈≈#
≈≈..≈≈≈≈≈≈)≈≈≈≈≈≈≈≈≈#
≈.....$..≈≈(≈≈≈≈≈≈≈≈#
......(..≈≈≈≈≈≈≈≈≈≈≈#
.####...≈≈≈≈..≈≈≈≈≈≈#
## ##...≈.≈≈≈≈≈≈≈≈≈#
# #.≈.#..#≈mo≈H≈≈≈# #
##.##.###≈)≈≈≈≈≈# .
#.........oo@≈≈≈# ≈.
..≈≈..≈.≈≈≈HH≈≈≈# ..#
..≈.≈≈≈≈≈≈≈≈≈≈≈# ..#
...≈≈≈≈≈.≈≈≈≈≈≈# ..#
..≈≈≈≈≈≈≈≈≈≈≈#
...≈≈≈≈≈≈≈≈≈≈#
....≈m≈≈≈≈≈≈#
..$≈≈≈≈≈≈≈≈#


You could see a merfolk siren, a water nymph, 3 harpies, the friendly Bolgrim
the orc warlord (strong), the friendly Marbork the orc warlord (strong) and the
friendly Okrist the orc knight (strong).

Vanquished Creatures
  A boulder beetle (D:10)
  An ice dragon (Lair:5)
  2 ugly things
  A black mamba (Lair:5)
  5 cane toads
  A kobold demonologist (D:10)
  4 komodo dragons
  A rime drake (Lair:5)
  2 polar bears (Lair:5)
  3 merfolk
  2 blink frogs
  Prince Ribbit (D:7)
  A wyvern (D:10)
  14 yaks
  4 steam dragons
  A basilisk (Lair:1)
  7 water moccasins
  3 sky beasts
  2 black bears
  An orc warrior (D:7)
  An ice beast (D:7)
  3 centaurs
  An ogre (D:4)
  A small abomination (Lair:6)
  3 wolves
  2 kobold brigands
  A scorpion (D:6)
  8 bullfrogs
  A wyvern zombie (D:6)
  A water moccasin skeleton (D:4)
  A wyvern skeleton (D:7)
  2 killer bees (D:10)
  2 howler monkeys
  4 jellies (D:5)
  5 centaur zombies
  4 hounds
  2 centaur skeletons
  2 orc priests
  Jessica (D:3)
  4 iguanas
  5 orc wizards
  A killer bee zombie (D:8)
  2 hound skeletons
  A howler monkey skeleton (D:6)
  4 gnolls (D:3)
  8 adders
  3 shadow imps
  2 ufetubi
  2 worms
  6 dart slugs
  28 orcs
  4 endoplasms
  4 giant cockroaches
  4 goblins
  5 hobgoblins
  4 jackals (D:2)
  18 kobolds
  4 quokkas
  7 ball pythons
  9 bats
  2 frilled lizards
  A rat (D:2)
  A spectral kobold (D:1)
231 creatures vanquished.

Vanquished Creatures (collateral kills)
  Snorg (Lair:4)
  4 hydras
  A boulder beetle (Lair:3)
  A merfolk avatar (Shoals:1)
  A centaur warrior (D:10)
  3 two-headed ogres
  A merfolk aquamancer (Shoals:1)
  3 death yaks (Lair:6)
  3 thrashing horrors (Lair:6)
  A sea snake (Shoals:1)
  A harpy (Shoals:1)
  A manticore (Shoals:1)
  2 lindwurms
  A wolf spider (Lair:2)
  An ugly thing (Lair:6)
  4 fauns (Shoals:1)
  A cyclops (D:10)
  A salamander (shapeshifter) (Lair:6)
  9 elephants
  A smoke demon (Lair:6)
  5 black mambas
  9 cane toads
  2 rime drakes (Lair:6)
  6 komodo dragons
  An ancient zyme (Lair:6)
  2 jumping spiders (Lair:2)
  3 merfolk
  A hornet (D:8)
  2 trolls (D:10)
  A polar bear (Lair:6)
  21 blink frogs
  6 dream sheep (Lair:5)
  A redback (Lair:2)
  A spriggan (Lair:6)
  4 wyverns
  2 ynoxinuls (Lair:6)
  13 yaks
  4 water elementals (Shoals:1)
  6 basilisks
  7 small abominations (Lair:6)
  2 chaos spawn (Lair:6)
  A steam dragon (D:9)
  11 water moccasins
  2 large abominations (Lair:6)
  2 orc warriors (D:9)
  2 black bears
  8 wolves
  3 centaurs
  2 kobold brigands
  6 bullfrogs
  4 killer bees (D:10)
  2 howler monkeys (D:9)
  2 centaur zombies
  4 orc priests
  An orc wizard (D:9)
  A howler monkey zombie (D:8)
  A kobold (D:10)
  A bush (D:10)
  2 plants
195 creatures vanquished.

Vanquished Creatures (others)
  An orc warrior (D:10)
  2 orc priests
  An orc wizard (D:5)
  A white imp (D:5)
  5 orcs
  90 fungi
  107 plants
207 creatures vanquished.

Grand Total: 633 creatures vanquished

Notes
Turn   | Place    | Note
-------+----------+-------------------------------------------
     0 | D:1      | GregHouse the Hill Orc Monk began the quest for the Orb.
     0 | D:1      | Reached XP level 1. HP: 19/19 MP: 1/1
   229 | D:1      | Found a faded altar of an unknown god.
   313 | D:1      | Reached XP level 2. HP: 25/27 MP: 2/2
   330 | D:2      | Found an opulent altar of Gozag.
  1066 | D:3      | Reached skill level 5 in Axes
  1066 | D:3      | Reached XP level 3. HP: 18/33 MP: 3/3
  1335 | D:2      | Reached skill level 1 in Armour
  1440 | D:2      | Reached XP level 4. HP: 40/40 MP: 4/4
  2709 | D:3      | Reached XP level 5. HP: 22/46 MP: 5/5
  2885 | D:3      | Reached skill level 2 in Armour
  3181 | D:3      | Found a glowing golden altar of the Shining One.
  3190 | D:3      | Found a stormy altar of Qazlal.
  3191 | D:3      | Found a blossoming altar of Fedhas.
  3192 | D:3      | Found a shadowy altar of Dithmenos.
  3388 | D:3      | Found a basalt altar of Yredelemnul.
  3388 | D:3      | Found a shimmering blue altar of Sif Muna.
  3512 | D:3      | Noticed Jessica
  3523 | D:3      | Killed Jessica
  3795 | D:4      | Reached XP level 6. HP: 32/53 MP: 6/6
  3993 | D:4      | Reached skill level 3 in Armour
  4331 | D:5      | Entered Level 5 of the Dungeon
  4965 | D:4      | Reached XP level 7. HP: 45/60 MP: 7/7
  5295 | D:5      | Found a shimmering altar of Xom.
  5436 | D:5      | Found a staircase to the Ecumenical Temple.
  5481 | D:5      | Reached skill level 5 in Fighting
  5502 | D:5      | Noticed a yak
  5703 | D:5      | Reached skill level 4 in Armour
  5915 | D:6      | Reached XP level 8. HP: 55/68 MP: 8/8
  6132 | D:5      | Noticed a yak
  6132 | D:5      | Noticed a yak
  6132 | D:5      | Noticed a yak
  6195 | D:5      | Became a worshipper of Beogh the Brigand
  6195 | D:5      | Reached * piety under Beogh
  6195 | D:5      | Reached ** piety under Beogh
  6436 | D:5      | Reached skill level 1 in Shields
  6436 | D:5      | Reached skill level 1 in Invocations
  6979 | D:5      | Reached skill level 5 in Armour
  7813 | D:6      | Reached skill level 6 in Armour
  7813 | D:6      | Reached XP level 9. HP: 53/75 MP: 11/11
  7823 | D:6      | Reached skill level 10 in Axes
  8688 | D:7      | Found a burning altar of Makhleb.
  8688 | D:7      | Noticed a balrug
  8692 | D:7      | Noticed an orange demon
  8725 | D:7      | Noticed Prince Ribbit
  8758 | D:7      | Killed Prince Ribbit
  9020 | D:7      | Found an iron altar of Okawaru.
  9020 | D:7      | Found a broken altar of Ashenzari.
  9262 | D:8      | Noticed a two-headed ogre
  9292 | D:7      | Reached skill level 7 in Armour
  9445 | D:7      | Found a transporter.
  9450 | D:7      | Noticed a five-headed hydra
  9458 | D:7      | Noticed BlueGoblin's ghost (novice DrIE)
  9481 | D:7      | Found a transporter.
  9554 | D:7      | Noticed a cyclops
  9819 | D:7      | Found a snail-covered altar of Cheibriados.
  9858 | D:7      | Reached skill level 5 in Invocations
  9912 | D:8      | Reached *** piety under Beogh
 10112 | D:7      | Noticed an ice statue
 10443 | D:8      | Upgraded the game from 0.28-a0-1038-g9c4cb8273d to
                  | 0.28-a0-1074-g3cb2360906
 10457 | D:8      | Reached XP level 10. HP: 84/84 MP: 14/14
 10567 | D:8      | Paralysed by a hornet for 3 turns
 10693 | D:8      | Found an ornate altar of the Wu Jian Council.
 10731 | D:8      | Killed a two-headed ogre
 11282 | D:9      | Found a staircase to the Orcish Mines.
 11925 | D:10     | Entered Level 10 of the Dungeon
 11925 | D:10     | Found a radiant altar of Vehumet.
 12547 | D:10     | Gained Marbork as an ally
 12627 | D:9      | Found a roughly hewn altar of Beogh.
 13205 | D:10     | Noticed a red ugly thing
 13461 | D:10     | Reached skill level 8 in Armour
 13474 | D:10     | Killed a red ugly thing
 13488 | D:10     | Noticed a centaur warrior
 13495 | D:10     | Noticed a two-headed ogre
 13499 | D:10     | Killed a centaur warrior
 13511 | D:10     | Killed a two-headed ogre
 13899 | D:10     | Noticed a two-headed ogre
 14203 | D:10     | Killed a two-headed ogre
 14204 | D:10     | Reached skill level 1 in Evocations
 14204 | D:10     | Reached XP level 11. HP: 70/92 MP: 16/16
 14288 | D:11     | Noticed a boulder beetle
 14290 | D:11     | Reached skill level 9 in Armour
 14332 | D:10     | Killed a boulder beetle
 14332 | D:10     | Reached **** piety under Beogh
 14333 | D:10     | Reached skill level 5 in Shields
 14463 | D:10     | Noticed a cyclops
 14472 | D:10     | Killed a cyclops
 14543 | D:10     | Gained Bolgrim as an ally
 14852 | D:10     | Found a staircase to the Lair.
 14899 | D:10     | Noticed a centaur warrior
 15473 | Lair:1   | Entered Level 1 of the Lair of Beasts
 15489 | Lair:1   | Noticed a four-headed hydra
 15496 | Lair:1   | Killed a four-headed hydra
 15497 | Lair:1   | Reached skill level 10 in Armour
 16607 | Lair:1   | Noticed a five-headed hydra
 16624 | Lair:1   | Killed a six-headed hydra
 17351 | Lair:2   | Found a hazy altar of Hepliaklqana.
 17354 | Lair:2   | Noticed a five-headed hydra
 17362 | Lair:2   | Killed a five-headed hydra
 17363 | Lair:2   | Reached skill level 1 in Maces & Flails
 18296 | Lair:2   | Reached XP level 12. HP: 84/103 MP: 17/19
 18746 | Lair:2   | Found a hole to the Spider Nest.
 19468 | Lair:3   | Reached skill level 11 in Armour
 19620 | Lair:3   | Noticed a boulder beetle
 19630 | Lair:3   | Killed a boulder beetle
 19777 | Lair:3   | Found a staircase to the Shoals.
 19918 | Lair:4   | Noticed Snorg
 20192 | Lair:4   | Reached skill level 10 in Invocations
 20196 | Lair:4   | Found a gate leading to a gauntlet.
 20204 | Lair:4   | Reached ***** piety under Beogh
 21139 | Lair:4   | Killed Snorg
 21659 | Lair:5   | Reached skill level 12 in Armour
 21706 | Lair:5   | Noticed a four-headed hydra
 21708 | Lair:5   | Killed a four-headed hydra
 21734 | Lair:5   | Reached skill level 10 in Fighting
 22307 | Lair:5   | Noticed an ice dragon
 22357 | Lair:5   | Killed an ice dragon
 22377 | Lair:5   | Reached skill level 13 in Armour
 22377 | Lair:5   | Reached XP level 13. HP: 42/114 MP: 20/20
 23273 | Lair:6   | Entered Level 6 of the Lair of Beasts
 23479 | Lair:6   | Found a staircase to the Slime Pits.
 24382 | Lair:6   | Reached skill level 14 in Armour
 24621 | Lair:6   | Got the Incunabulum of Nocuous Feathers
 25095 | Lair:6   | Found a corrupted altar of Lugonu.
 25095 | Lair:6   | Found a one-way gate to the infinite horrors of the Abyss.
 25823 | Lair:6   | Reached skill level 10 in Shields
 26517 | Shoals:1 | Entered Level 1 of the Shoals
 26704 | Shoals:1 | Found Cugim's Specific Store.
 26895 | Shoals:1 | Found Lupnos's General Store.
 26915 | Shoals:1 | Bought the +7 flail "Orb Guardian's Bane" {venom, rPois
                  | Will- rCorr SInv} for 784 gold pieces
 27110 | Shoals:1 | Identified a scroll of acquirement
 27112 | Shoals:1 | Acquired the +13 crystal plate armour of Hociepn {rPois
                  | Str-2 Int+5}
 27175 | Shoals:1 | Reached ****** piety under Beogh
 27214 | Shoals:1 | Gained Okrist as an ally
 27215 | Shoals:1 | Reached XP level 14. HP: 54/124 MP: 21/21
 27218 | Shoals:1 | Killed from afar by a water nymph

Illustrated notes

Levels and vault maps discovered:
D:1:      dpeg_arrival_simpleton_b, layout_basic,
          dreamdust_ecumenical_altar_drowned_temple,
          kennysheep_decorative_pillar
D:2:      layout_basic, basic_altar
D:3:      layout_rooms, grunt_temple_overflow_open, kennysheep_jessica_study
D:4:      layout_loops_corners, minmay_quadrilaterals
D:5:      kennysheep_steamy, layout_basic, mainiacjoe_overflow_brackets,
          minmay_temple_entry_enclosed_plants, grunt_ministairs_2
D:6:      layout_basic
D:7:      layout_layer_cave, slow_altar_2, gammafunk_temple_overflow_elements,
          makhleb_altar_promises_db, nzn_ghost_randoct, uniq_prince_ribbit1
D:8:      layout_cave_pools, mainiacjoe_overflow_alcove_1
D:9:      layout_gridville, minmay_orc_entry_temple_small
D:10:     minmay_bloctagon_deflated, layout_gridville, vehumet_crystals,
          minmay_lair_entry_grove
D:11:     layout_basic, serial_shops, shop, uniq_grum, uniq_sonja, uniq_urug,
          uniq_maurice
Lair:1:   layout_loops_ring
Lair:2:   layout_concentric_octagons, spider_nest_entry_funnel_web, basic_altar
Lair:3:   layout_regular_city, elwin_shoals_entry_rooms, lemuel_fruit_fields
Lair:4:   layout_long_grid, gauntlet_entry_generic, lemuel_fruit_fields,
          uniq_snorg
Lair:5:   layout_regular_city, portal_ice_cave_entry_animals_and_master
Lair:6:   hellmonk_lair_end_abyssal_woods, layout_regular_city, slime_dummy,
          chequers_serial_rivers_marsh, serial_bayou_ford_a,
          chequers_serial_rivers_large_b
Shoals:1: layout_shoals, nicolae_specific_store
Shoals:2: layout_shoals, nicolae_shoals_lost_giant_hut

Skill      XL: |  1  2  3  4  5  6  7  8  9 10 11 12 13 |
---------------+----------------------------------------+-----
Fighting       | 4 5 6 7 8 10 11 | 11.4
Axes           | 5 6 7 8 9 11 12 13 | 13.9
Armour         | 1 2 3 4 6 7 8 10 13 14 | 14.9
Dodging        | 3 |  3.7
Stealth        | 2 3 4 |  4.4
Shields        | 1 3 4 5 7 10 | 10.5
Invocations    | 3 5 7 9 10 | 10.0
Evocations     | 1 2 |  2.0
Maces & Flails | 1 3 |  3.1
Throwing       | |  0.4

Action                   |  1- 3 |  4- 6 |  7- 9 | 10-12 | 13-15 || total
-------------------------+-------+-------+-------+-------+-------++-------
Melee: Hand axe          |    89 |   253 |   386 |   540 |   219 ||  1487
       Flail             |       |       |       |    13 |    25 ||    38
Throw: Javelin           |       |       |       |     2 |       ||     2
Invok: Convert to Beogh  |       |       |     1 |       |       ||     1
       Recall Orcish Fol |       |       |       |     2 |     1 ||     3
       Give Item to Name |       |       |       |     1 |       ||     1
Evoke: Wand              |       |     7 |       |     5 |       ||    12
  Use: Scroll            |       |     6 |     2 |    22 |     3 ||    33
       Potion            |       |       |       |     3 |       ||     3
 Stab: Sleeping          |     4 |     1 |     1 |       |       ||     6
       Distracted        |       |       |     1 |     4 |     2 ||     7
Armor: Ring mail         |    37 |       |       |       |       ||    37
       Scale mail        |    23 |   138 |   159 |    23 |       ||   343
       Chain mail        |       |       |       |    90 |       ||    90
       Plate armour      |       |       |       |    92 |    58 ||   150
       Crystal plate arm |       |       |       |       |    68 ||    68
Dodge: Dodged            |    49 |   178 |   121 |   225 |    58 ||   631
Block: Buckler           |       |       |   101 |   122 |       ||   223
       Tower shield      |       |       |       |    82 |   209 ||   291

Table legend: (Time is in decaauts)
 A = Elapsed time spent in this place.
 B = Non-inter-level travel time spent in this place.
 C = Inter-level travel time spent in this place.
 D = Time resting spent in this place.
 E = Time spent auto-exploring this place.
 F = Levels seen in this place.
 G = Mean time per level.
                   A        B        C        D        E       F      G
               +--------+--------+--------+--------+--------+-----+--------+
         Total |  27067 |  26406 |    661 |  10585 |   7303 |  19 | 1424.6 |
       Dungeon |  15390 |  15026 |    364 |   5089 |   3402 |  11 | 1399.1 |
          Lair |  10971 |  10675 |    296 |   5094 |   3848 |   6 | 1828.5 |
        Shoals |    705 |    705 |      0 |    402 |     53 |   2 |  352.5 |
               +--------+--------+--------+--------+--------+-----+--------+

Top non-repeatable levels by time:
  Lair:6: 3146 daAuts
     D:9: 2453 daAuts
  Lair:2: 2259 daAuts
     D:5: 1743 daAuts
    D:10: 1733 daAuts
  Lair:1: 1683 daAuts
  Lair:5: 1672 daAuts
     D:6: 1671 daAuts
     D:4: 1647 daAuts
     D:7: 1643 daAuts
     D:2: 1584 daAuts
  Lair:3: 1242 daAuts
     D:3: 1035 daAuts
  Lair:4: 967 daAuts
     D:1: 948 daAuts
